Get step-by-step instructions on how to execute this build order below. Start the game timer, and the build order will tick by so you can play in parallel with StarCraft on a second screen or mobile device.

Game Time

  0:00

Last Step

  N/A

Next Step

Upcoming Step



Don't want to look back and forth between 2 screens? Try out our Overwolf App, the Spawning Tool Build Advisor to get an in-game overlay with this build!

Complete Build Order

  12  0:00  Probe  
  13  0:12  Probe  
  14  0:18  Pylon  
  14  0:24  Probe  
  15  0:36  Probe  
  15  0:37  Gateway  
  16  0:49  Probe  
  18  1:07  Nexus  
  17  1:11  Assimilator  
  17  1:15  Probe  
  18  1:25  Cybernetics Core  
  18  1:28  Probe  
  19  1:40  Probe  
  19  1:41  Pylon  
  20  1:52  Probe  
  21  1:54  Warp Gate (Chrono Boost)  
  21  1:58  Adept (Chrono Boost)  
  21  2:04  Probe  
  21  2:06  Gateway  
  23  2:16  Probe  
  23  2:20  Probe  
  26  2:28  Probe, Stalker  
  27  2:33  Probe  
  27  2:41  Probe  
  28  2:45  Probe  
  28  2:50  Gateway  
  29  2:53  Probe  
  29  2:58  Stalker  
  32  3:01  Probe  
  33  3:07  Probe  
  33  3:13  Probe  
  33  3:19  Probe  
  34  3:25  Probe  
  35  3:31  Probe, Pylon  
  35  3:33  Stalker  
  38  3:37  Stalker  
  38  3:38  Probe  
  41  3:45  Probe  
  40  3:51  Stalker  
  40  3:53  Zealot  
  40  3:54  Probe  
  43  3:57  Probe  
  43  4:02  Stalker  
  43  4:11  Probe  
  43  4:13  Probe  
  43  4:16  Stalker  
  44  4:23  Zealot  
  44  4:24  Probe  
  47  4:33  Stalker  
  47  4:35  Probe  
  47  4:38  Assimilator, Pylon  
  50  4:40  Zealot  
  50  4:43  Probe  
  53  4:48  Probe  
  50  4:53  Stalker  
  50  4:55  Probe  
  51  5:00  Assimilator, Probe  
  50  5:08  Probe  
  50  5:09  Stalker  
  50  5:10  Zealot  
  50  5:12  Probe  
  54  5:20  Probe  
  55  5:22  Stalker  
  55  5:24  Probe  
  55  5:27  Assimilator  
  58  5:32  Stalker, Probe  
  59  5:43  Stalker  
  59  5:44  Probe (Chrono Boost)  
  62  5:51  Stalker  
  62  5:53  Shield Battery  
  62  5:55  Shield Battery  
  62  5:56  Robotics Facility, Probe x2 (Chrono Boost)  
  56  5:59  Shield Battery  
  56  6:01  Stalker  
  55  6:05  Probe x2 (Chrono Boost)  
  55  6:10  Probe (Chrono Boost)  
  55  6:11  Probe (Chrono Boost)  
  53  6:22  Probe (Chrono Boost)  
  53  6:23  Probe (Chrono Boost)  
  51  6:26  Sentry, Stalker  
  51  6:27  Stalker  
  51  6:28  Probe (Chrono Boost)  
  51  6:29  Probe (Chrono Boost)  
  57  6:36  Probe  
  57  6:37  Probe  
  55  6:44  Observer (Chrono Boost)  
  53  6:48  Probe  
  53  6:49  Probe  
  53  6:52  Stalker